 Dungeon Crawl Stone Soup version 0.27-a0-1548-gf8a67e7463 (webtiles) character file.

Game seed: 7176897899016667728

101 lunkers the Insei (level 5, -1/57 HPs)
             Began as a Djinni Warper on July 13, 2021.
             Killed from afar by an orc wizard (3 damage)
             ... with a puff of flame
             ... on level 4 of the Dungeon.
             The game lasted 00:04:44 (4126 turns).

lunkers the Insei (Djinni Warper)                   Turns: 4126, Time: 00:04:45

Health: -1/57      AC:  4    Str: 11    XL:     5   Next: 4%
Gold:   38         EV: 12    Int: 15    God:
                   SH:  0    Dex: 10

rFire    + + .     SeeInvis .     - Unarmed
rCold    x . .     Faith    .   (no shield)
rNeg     + + +     Spirit   .   l - +1 robe of Wiaqadgh {+Blink rN+++ MP+9 Dex-2}
rPois    ∞         Reflect  .   j - +0 helmet
rElec    .         Harm     .   (no cloak)
rCorr    .         Rampage  .   (no gloves)
Will     .....                  (boots unavailable)
Stlth    ..........             (no amulet)
HPRegen  0.19/turn              (no ring)
MPRegen  0.00/turn              (no ring)

@: confused, berserking, flying, very quick
A: sickness immunity, fire resistance 2, cold vulnerability 1, float, innate
caster, hp casting, extra vitality 1
a: Evoke Blink


You were on level 4 of the Dungeon.
You visited 1 branch of the dungeon, and saw 4 of its levels.

You collected 157 gold pieces.
You spent 119 gold pieces at shops.

Inventory:

Missiles
 c - 5 boomerangs of dispersal
 d - 61 stones (quivered)
 h - 3 datura-tipped darts
Armour
 a - a +0 leather armour
 j - a +0 helmet (worn)
 l - the +1 robe of Wiaqadgh (worn) {+Blink rN+++ MP+9 Dex-2}
   (You bought it in a shop on level 2 of the Dungeon)

   Dex:       It affects your dexterity (-2).
   rN:        It renders you almost immune to negative energy.
   MP:        It affects your magic capacity (+9).
   +Blink:    It lets you blink.
Scrolls
 b - a scroll of blinking
 e - a scroll of torment {unknown}
 g - a scroll of immolation {unknown}
Potions
 f - a potion of magic {unknown}
 i - a potion of heal wounds {unknown}


   Skills:
 - Level 2.0 Fighting
 - Level 0.7 Throwing
 - Level 1.0 Armour
 - Level 2.1 Dodging
 - Level 4.8 Unarmed Combat
 * Level 2.4 Spellcasting


You couldn't memorise any spells.
You knew the following spells:

 Your Spells              Type           Power      Damage    Failure   Level
a - Shock                 Conj/Air       36%        1d5       8%          1
b - Lesser Beckoning      Tloc           4%         N/A       24%         3
c - Gell's Gravitas       Tloc           4%         N/A       24%         3
d - Teleport Other        Tloc           9%         N/A       24%         3
e - Manifold Assault      Tloc           9%         N/A       91%         5
f - Static Discharge      Conj/Air       9%         N/A       12%         2
p - Blink                 Tloc           N/A        N/A       12%         2
Your spell library was empty.

Dungeon Overview and Level Annotations

Branches:
Dungeon (4/15)
 Temple: D:4-7

Altars:
Qazlal

Shops:
D:2 [

Annotations:
D:3 2 transporters, DocClef's ghost, weakling GnDe


Innate Abilities, Weirdness & Mutations

You are immune to sickness and miasma.
You are immune to poison.
Your flesh is very heat resistant. (rF++)
You are vulnerable to cold. (rC-)
You float through the air rather than walking.
You learn spells naturally, not from books.
Your magical power is your life essence.
You have superior vitality. (+4 HP)


Message History

The orc priest hits you with a +0 mace.
* * * LOW HITPOINT WARNING * * *
The orc wizard closely misses you. The orc barely misses you.
The orc closely misses you.
Unknown command.
Unknown command.
You're too confused to cast spells.
Non-targeted confused throw: 62 stones
Press: ? - help, Q - select action, (/) - cycle Dir - look around, f - activate You throw a stone.
The orc wizard closely misses you. The orc priest barely misses you.
The orc hits you but does no damage. The orc barely misses you.
Unknown command.
Unknown command.
A red film seems to cover your vision as you go berserk!
You feel yourself moving faster!
You feel mighty! The orc priest hits you with a +0 mace.
* * * LOW HITPOINT WARNING * * *
The orc wizard hits you but does no damage.
The orc misses you. x2
Unknown command.
You closely miss the orc priest. The orc hits you but does no damage.
The orc priest calls down the wrath of Beogh upon you.
Beogh smites you!
* * * LOW HITPOINT WARNING * * *
The orc wizard hits you but does no damage.
The orc misses you.
Unknown command.
You punch the orc priest!
The orc priest is almost dead.
Unknown command.
Unknown command.
You barely miss the orc wizard.
The orc wizard is moderately wounded.
The orc priest hits you with a +0 mace.
* * * LOW HITPOINT WARNING * * *
The orc hits you but does no damage.
The orc wizard gestures at you while chanting.
The puff of flame hits you. You resist.
You die...

..# #.# #.# #
#.# #.#.#
#(#.######
#####.o.o....##
.......@o......
#######.o......
######.##


You could see an orc priest, an orc wizard and 2 orcs.

Vanquished Creatures
  Robin (D:2)
  2 adders (D:2)
  2 worms (D:2)
  2 dart slugs
  An orc (D:4)
  4 endoplasms
  3 giant cockroaches
  9 goblins
  5 hobgoblins
  4 jackals (D:1)
  4 kobolds
  2 quokkas
  7 ball pythons
  4 bats
  2 frilled lizards
  5 rats
  A spectral hobgoblin (D:1)
58 creatures vanquished.

Notes
Turn   | Place    | Note
-------+----------+-------------------------------------------
     0 | D:1      | lunkers the Djinni Warper began the quest for the Orb.
     0 | D:1      | Reached XP level 1. HP: 18/18 MP: 0/0
   189 | D:1      | Reached XP level 2. HP: 19/23 MP: 0/0
   627 | D:1      | Reached skill level 3 in Unarmed Combat
   680 | D:1      | Found a faded altar of an unknown god.
   989 | D:1      | Reached XP level 3. HP: 27/28 MP: 0/0
   989 | D:1      | Learned a level 1 spell: Shock
  1840 | D:2      | Reached skill level 4 in Unarmed Combat
  1840 | D:2      | Reached XP level 4. HP: 30/33 MP: 0/0
  2373 | D:2      | Found Kozinkak's Antique Armour Shoppe.
  2551 | D:2      | Noticed Robin
  2564 | D:2      | Killed Robin
  3262 | D:2      | Found a stormy altar of Qazlal.
  3435 | D:3      | Found a transporter.
  3439 | D:3      | Noticed DocClef's ghost (weakling GnDe)
  3476 | D:3      | Found a transporter.
  4011 | D:4      | Noticed a black bear
  4015 | D:4      | Reached XP level 5. HP: 33/38 MP: 0/0
  4015 | D:4      | Learned a level 2 spell: Static Discharge
  4081 | D:2      | Bought a bloodstained robe for 119 gold pieces
  4081 | D:2      | Identified the +1 robe of Wiaqadgh {+Blink rN+++ MP+9
                  | Dex-2} (You bought it in a shop on level 2 of the Dungeon)
  4126 | D:4      | HP: 2/57 [orc priest (6)]
  4126 | D:4      | Killed from afar by an orc wizard

Illustrated notes

Levels and vault maps discovered:
D:1:      lordsloth_arrival_two_stooges, layout_loops_ring,
          dreamdust_ecumenical_altar_drowned_temple
D:2:      layout_basic, serial_shops, nicolae_shop_stone, basic_altar,
          uniq_robin
D:3:      layout_basic, gammafunk_ghost_arena, minmay_unequal
D:4:      layout_loops_ring, uniq_ijyb

Skill      XL: |  1  2  3 |
---------------+----------+-----
Unarmed Combat | 3 4 |  4.8
Fighting       | |  2.0
Throwing       | |  0.7
Armour         | |  1.0
Dodging        | |  2.1
Spellcasting   | |  2.4

Action                   |  1- 3 |  4- 6 || total
-------------------------+-------+-------++-------
Melee: Unarmed           |    62 |     3 ||    65
       Punch             |     2 |       ||     2
Throw: Stone             |    37 |     2 ||    39
 Cast: Shock             |    39 |    76 ||   115
       Static Discharge  |       |     1 ||     1
  Use: Scroll            |       |     2 ||     2
       Potion            |       |     1 ||     1
Armor: Leather armour    |    14 |     4 ||    18
       Robe              |       |     6 ||     6
Dodge: Dodged            |    39 |    20 ||    59

Table legend: (Time is in decaauts)
 A = Elapsed time spent in this place.
 B = Non-inter-level travel time spent in this place.
 C = Inter-level travel time spent in this place.
 D = Time resting spent in this place.
 E = Time spent auto-exploring this place.
 F = Levels seen in this place.
 G = Mean time per level.
                   A        B        C        D        E       F      G
               +--------+--------+--------+--------+--------+-----+--------+
         Total |   4126 |   3929 |    197 |      5 |   3537 |   4 | 1031.5 |
       Dungeon |   4126 |   3929 |    197 |      5 |   3537 |   4 | 1031.5 |
               +--------+--------+--------+--------+--------+-----+--------+

Top non-repeatable levels by time:
     D:2: 2083 daAuts
     D:1: 1306 daAuts
     D:3: 723 daAuts
     D:4: 12 daAuts
